AoeStats
← 海峡

Fortress

510313193Analyzed
1v1 RM · 2d ago on Sep 30, 2026· 85m 13s· 2 players
Game mode
Random Map
Map size
Small (3 player)
Population
200
Speed
Normal
Resources
Standard
Victory
Conquest
Starting age
Dark Age
Ending age
Imperial Age
RankedLock teamsTeams togetherTeam positionsShared explorationLock speedFull tech treeHidden civsTurbo modeCheats
Victory
Defeat
🇮🇪 Ethiopians · Ireland
1764
+12
🇨🇳 Romans · China
1679
-12
海峡
7:33 Feudal Age
8:28 Horse Collar
9:18 Double-Bit Axe
11:37 Castle Age
13:39 Heavy Plow
17:41 Wheelbarrow
17:18 Bow Saw
18:00 Loom
19:20 Gold Mining
24:15 Imperial Age
22:05 Scale Mail Armor
21:27 Man-at-Arms
22:08 Squires
22:39 Forging
23:08 Chain Mail Armor
22:17 Long Swordsman
23:15 Loom
23:49 Hand Cart
24:19 Iron Casting
24:21 Capped Ram
24:51 Legionary
26:47 Gold Shaft Mining
26:21 Siege Ram
27:29 Masonry
28:26 Blast Furnace
30:13 Comitatenses
30:00 Town Watch
34:11 Siege Engineers
36:09 Conscription
36:26 Town Patrol
36:55 Guilds
38:08 Stone Mining
41:16 Masonry
42:09 Ballistics
42:48 Crop Rotation
45:13 Chemistry
44:06 Fletching
44:29 Ballistas
44:58 Architecture
43:50 Heavy Scorpion
44:41 Pikeman
45:46 Scale Barding Armor
46:13 Murder Holes
47:27 Halberdier
50:03 Sappers
51:42 Chain Barding Armor
51:29 Light Cavalry
52:19 Bloodlines
52:10 Husbandry
52:58 Plate Barding Armor
Dr Housed
7:30 Feudal Age
8:25 Double-Bit Axe
11:25 Castle Age
9:39 Horse Collar
12:33 Bow Saw
17:19 Wheelbarrow
19:05 Loom
19:05 Town Watch
21:49 Hand Cart
26:04 Imperial Age
24:01 Gold Mining
24:02 Stone Mining
24:13 Heavy Plow
25:05 Scale Mail Armor
25:15 Forging
27:04 Gold Shaft Mining
26:46 Chain Mail Armor
27:51 Iron Casting
26:39 Elite Shotel Warrior
27:40 Conscription
28:41 Plate Mail Armor
29:19 Chemistry
29:11 Ballistics
28:56 Siege Engineers
31:12 Blast Furnace
30:11 Fletching
32:22 Torsion Engines
34:51 Bodkin Arrow
35:08 Masonry
35:20 Murder Holes
36:37 Bracer
37:38 Two-Man Saw
37:49 Padded Archer Armor
38:02 Masonry
37:17 Crossbowman
38:02 Thumb Ring
38:02 Arbalester
39:02 Leather Archer Armor
42:22 Architecture
42:17 Guilds
43:14 Ring Archer Armor
43:33 Halberdier
44:13 Squires
71:40 Heavy Scorpion
74:43 Murder Holes
74:59 Fortified Wall
Connection lost

Rejoining the realm…

Still unreachable

The connection could not be restored.

Session expired

The server has moved on; the page needs a fresh start.